 Dungeon Crawl Stone Soup version 0.27-a0-1200-g94dc6ad4cf (webtiles) character file.

Game seed: 2857947862842838910

80 Lanoc the Charlatan (level 4, -1/34 HPs)
             Began as a Merfolk Artificer on May 30, 2021.
             Was a Believer of Trog.
             Slain by a goblin
             ... wielding a +0 club
             ... led by Robin
              (5 damage)
             ... on level 2 of the Dungeon.
             The game lasted 00:03:48 (2120 turns).

Lanoc the Charlatan (Merfolk Artificer)             Turns: 2120, Time: 00:03:49

Health: -1/34      AC:  3    Str: 12    XL:     4   Next: 39%
Magic:  4/4        EV: 13    Int: 10    God:    Trog [**....]
Gold:   115        SH:  0    Dex: 15    Spells: 3/3 levels left

rFire    . . .     SeeInvis .   a - +2 dagger (protect)
rCold    . . .     Faith    .   (no shield)
rNeg     . . .     Spirit   .   b - +0 leather armour
rPois    .         Reflect  .   (no helmet)
rElec    .         Harm     .   (no cloak)
rCorr    .         Rampage  .   (no gloves)
Will     .....                  (no boots)
Stlth    ++........             (no amulet)
HPRegen  0.11/turn              (no ring)
MPRegen  0.09/turn              (no ring)

@: lethally poisoned (-1 -> -2)
A: (nimble swimmer 2), mertail
a: Renounce Religion, Berserk, Trog's Hand


You were on level 2 of the Dungeon.
You worshipped Trog.
Trog was pleased with you.
You visited 1 branch of the dungeon, and saw 2 of its levels.

You collected 115 gold pieces.

Inventory:

Hand Weapons
 a - a +2 dagger of protection (weapon)
 l - a +0 spear
Armour
 b - a +0 leather armour (worn)
Wands
 c - a wand of flame (8) (quivered)
 d - a wand of charming (15)
Scrolls
 f - a scroll of magic mapping {unknown}
 h - a scroll of teleportation {unknown}
 i - a scroll of noise {unknown}
 k - a scroll of enchant armour {unknown}
Potions
 g - a potion of invisibility {unknown}
 j - a potion of brilliance {unknown}
Miscellaneous
 e - a piece from Xom's chessboard (inert)


   Skills:
 + Level 2.3 Fighting
 * Level 0.2 Polearms
 - Level 0.6 Armour
 + Level 3.7 Dodging
 - Level 1.1 Stealth
 * Level 4.1 Evocations


You had 3 spell levels left.
You didn't know any spells.
Your spell library was empty.

Dungeon Overview and Level Annotations

Branches:
Dungeon (2/15)

Altars:
Trog


Innate Abilities, Weirdness & Mutations

((You are quick and stealthy near water. (Stealth+, EV+, Speed+++)))
Your lower body shifts to a powerful aquatic tail in water.


Message History

Trog accepts your kill. Something barely misses you.
Robin hits you but does no damage.
You are poisoned.
You hit Robin.
Robin is lightly wounded.
You feel sick. Something hits you but does no damage.
You hit Robin.
Robin is moderately wounded.
You feel sick. Something hits you but does no damage.
Aiming: Throw Flame
Press: ? - help, Shift-Dir - straight line, f - Robin
Aim: Robin, wielding a +0 dagger of venom, wearing a +1 animal skin and wearing a +0 helmet (moderately wounded, 79% to hit)
The puff of flame hits Robin.
Robin is heavily wounded.
You feel sick. Something completely misses you.
Robin roars a battlecry!
The goblins go into a battle-frenzy!
Aiming: Throw Flame
Press: ? - help, Shift-Dir - straight line, f/p - Robin
Aim: Robin, wielding a +0 dagger of venom, wearing a +1 animal skin and wearing a +0 helmet (heavily wounded, 79% to hit)
The puff of flame hits Robin.
Robin is severely wounded.
You feel sick. Something hits you but does no damage.
Aiming: Throw Flame
Press: ? - help, Q - select action, (/) - cycle Shift-Dir - straight line, f/p - Robin
Aim: Robin, wielding a +0 dagger of venom, wearing a +1 animal skin and wearing a +0 helmet (severely wounded, 79% to hit)
The puff of flame hits Robin.
Robin is almost dead.
You feel sick. Something hits you but does no damage.
Robin hits you but does no damage.
Aiming: Throw Flame
Press: ? - help, Q - select action, (/) - cycle Shift-Dir - straight line, f/p - Robin
Aim: Robin, wielding a +0 dagger of venom, wearing a +1 animal skin and wearing a +0 helmet (almost dead, 79% to hit)
The puff of flame hits Robin!
You kill Robin!
Trog accepts your kill.
You can now call upon Trog for regeneration and willpower.
You feel sick. Something hits you.
You die...

....# ###### ....# #....# ##
....# #....# #. ....# #....#
#####. ....# #....# #.....
..†.###....#################.###.
....+.'....'....................>
....###....#################.###.
...........gggg)@.........##.###.
........#################..#.#...
........# ####.#..... ........#
#.....##.#. ........# #.###.##.#.
.......g# #...#.##.#. ........#
###.#.##.#. ........#
#########.#..#.#. ........#
........#.#..#.#.


You could see 4 goblins.

Vanquished Creatures
  Terence (D:2)
  Robin (D:2)
  An adder (D:2)
  4 bats
  5 endoplasms
  3 giant cockroaches
  10 goblins
  5 hobgoblins
  3 quokkas
  2 ball pythons (D:2)
  A frilled lizard (D:2)
  6 kobolds
42 creatures vanquished.

Notes
Turn   | Place    | Note
-------+----------+-------------------------------------------
     0 | D:1      | Lanoc the Merfolk Artificer began the quest for the Orb.
     0 | D:1      | Reached XP level 1. HP: 15/15 MP: 1/1
     1 | D:1      | Noticed an electric eel
   348 | D:1      | Reached XP level 2. HP: 17/21 MP: 2/2
   684 | D:1      | Found a faded altar of an unknown god.
   703 | D:1      | Became a worshipper of Trog the Wrathful
   703 | D:1      | Reached * piety under Trog
   956 | D:1      | Reached XP level 3. HP: 24/27 MP: 3/3
  1669 | D:2      | Noticed Terence
  1708 | D:2      | Killed Terence
  1709 | D:2      | Reached skill level 4 in Evocations
  1709 | D:2      | Reached XP level 4. HP: 8/33 MP: 4/4
  2054 | D:2      | Noticed Robin
  2120 | D:2      | Killed Robin
  2120 | D:2      | Reached ** piety under Trog
  2120 | D:2      | Slain by a goblin

Illustrated notes

Levels and vault maps discovered:
D:1:      arrival_aquarium_a, layout_basic, basic_ecumenical_altar
D:2:      layout_basic, uniq_terence, uniq_robin

Skill      XL: |  1  2  3 |
---------------+----------+-----
Dodging        | 3 |  3.7
Fighting       | 2 |  2.3
Evocations     | 4 |  4.1
Polearms       | |  0.2
Armour         | |  0.6
Stealth        | |  1.1

Action                   |  1- 3 |  4- 6 || total
-------------------------+-------+-------++-------
Melee: Club              |    40 |       ||    40
       Dagger            |   148 |    40 ||   188
Evoke: Piece from Xom's  |     8 |    11 ||    19
       Wand              |     3 |     4 ||     7
 Stab: Paralysed         |     3 |       ||     3
       Sleeping          |     3 |       ||     3
       Petrified         |       |     2 ||     2
Armor: Leather armour    |    71 |    23 ||    94
Dodge: Dodged            |   106 |    33 ||   139

Table legend: (Time is in decaauts)
 A = Elapsed time spent in this place.
 B = Non-inter-level travel time spent in this place.
 C = Inter-level travel time spent in this place.
 D = Time resting spent in this place.
 E = Time spent auto-exploring this place.
 F = Levels seen in this place.
 G = Mean time per level.
                   A        B        C        D        E       F      G
               +--------+--------+--------+--------+--------+-----+--------+
         Total |   2129 |   2091 |     38 |      0 |   1680 |   2 | 1064.5 |
       Dungeon |   2129 |   2091 |     38 |      0 |   1680 |   2 | 1064.5 |
               +--------+--------+--------+--------+--------+-----+--------+

Top non-repeatable levels by time:
     D:1: 1293 daAuts
     D:2: 836 daAuts
